 Dungeon Crawl Stone Soup version 0.31.0-11-ge490571c62 (webtiles) character file.

Game seed: 8215993425250863985

60 qw the Shooter (level 3, -2/18 HPs)
             Began as a Spriggan Hunter on Feb 4, 2024.
             Slain by Grinder (3 damage)
             ... on level 3 of the Dungeon.
             The game lasted 00:00:06 (1783 turns).

qw the Shooter (Spriggan Hunter)                    Turns: 1783, Time: 00:00:07

Health: -2/18      AC:  2    Str:  7    XL:     3   Next: 82%
Magic:  4/4        EV: 19    Int: 10    God:
Gold:   110        SH:  0    Dex: 20    Spells: 2/2 levels left

rFire   . . .        a - +0 shortbow
rCold   . . .        (shield currently unavailable)
rNeg    . . .        c - +0 robe
rPois   .            (helmet restricted)
rElec   .            (no cloak)
rCorr   .            (gloves unavailable)
SInv    +            (boots unavailable)
Will    .....        (no amulet)
Stlth   ++           (no ring)
HPRegen 0.23/turn    (no ring)
MPRegen 0.09/turn

%: no passive effects
@: very quick
A: very small, no large weapons, unfitting armour, see invisible, speed 3
a: no special abilities


You were on level 3 of the Dungeon.
You visited 1 branch of the dungeon, and saw 3 of its levels.

You collected 110 gold pieces.


Innate Abilities, Weirdness & Mutations

You are very small and have problems with some larger weapons.
You are too small for most types of armour.
You have supernaturally acute eyesight. (SInv)
You cover ground extremely quickly. (Speed+++)


   Skills:
 - Level 1.5 Fighting
 - Level 5.0 Ranged Weapons
 + Level 4.0 Dodging
 - Level 1.5 Stealth


You had 2 spell levels left.
You didn't know any spells.
Your spell library was empty.

Inventory:

Hand Weapons
 a - a +0 shortbow (weapon)
Armour
 c - a +0 robe (worn)
Potions
 h - 2 potions of curing

Dungeon Overview and Level Annotations

Branches:
Dungeon (3/15)

Altars:

Annotations:
D:3 Grinder


Message History

A bat comes into view.
The bat misses you.
The bat moves out of view.
You shoot an arrow. The arrow hits the endoplasm.
The endoplasm is severely wounded.
The bat closely misses you.
You shoot an arrow. The arrow hits the endoplasm!
You kill the endoplasm!
The bat hits you but does no damage.
You shoot an arrow. The arrow hits the bat!
You kill the bat!
Found a scroll of noise.
Found a war axe.
Found a stone staircase leading down.
Grinder comes into view.
Found an escape hatch in the ceiling.
You see here a clear potion.
You shoot an arrow. The arrow hits Grinder.
Grinder is lightly wounded.
You shoot an arrow. The arrow closely misses Grinder.
You shoot an arrow. The arrow hits Grinder!
Grinder is lightly wounded.
Grinder gestures at you.
You suddenly lose the ability to move!
Grinder gestures at you. You resist with significant effort.
Grinder blinks!
You can move again.
You shoot an arrow. The arrow hits Grinder!
Grinder is moderately wounded.
You shoot an arrow. The arrow closely misses Grinder.
You shoot an arrow. The arrow hits Grinder.
Grinder is heavily wounded.
Grinder misses you. Grinder hits you!
Ouch! That really hurt!
You shoot an arrow.
The arrow hits Grinder but does no damage.
Grinder is heavily wounded.
Grinder hits you!
You writhe in agony.
You die...
Grinder says, "Hey, I wasn't done torturing you yet!"

#.. #..#######
#......#..
#......#.#
.......#.#
<......#.#
#.....5#.#####
.....>.@.....#
P.
..#...##.###.#


.PP ##.###.###.# #PP #......##.###.# #####..#..#?..# #........#.## #........)..#
##.......### #^#.#....... You could see Grinder.

Vanquished Creatures
  2 adders
  An orc (D:3)
  5 ball pythons
  3 bats (D:3)
  3 endoplasms
  3 hobgoblins (D:1)
  7 jackals (D:1)
  A kobold (D:2)
  3 quokkas
  A frilled lizard (D:1)
  3 goblins
  4 rats
36 creatures vanquished.

Notes
Turn   | Place    | Note
-------+----------+-------------------------------------------
     0 | D:1      | qw the Spriggan Hunter began the quest for the Orb.
     0 | D:1      | Reached XP level 1. HP: 10/10 MP: 2/2
     0 | D:1      | 0 ||| qw: Version: 0.3-a-160-g6735b56
     0 | D:1      | 0 ||| qw: Game counter: 5246
     0 | D:1      | 0 ||| qw: Melee chars always use a shield: true
     0 | D:1      | 0 ||| qw: God list: Okawaru
     0 | D:1      | 0 ||| qw: Allow faded altars: false
     0 | D:1      | 0 ||| qw: Do Orc after clearing Dungeon:15 true
     0 | D:1      | 0 ||| qw: Do second Lair branch before Depths: true
     0 | D:1      | 0 ||| qw: Lair rune preference: random
     0 | D:1      | 0 ||| qw: Goals: Normal
     0 | D:1      | 0 ||| PLANNING D:1-11
    19 | D:1      | Reached skill level 3 in Dodging
   173 | D:1      | Reached XP level 2. HP: 14/14 MP: 3/3
   672 | D:1      | 672 ||| DROPPING ring of flight.
   673 | D:1      | 673 ||| READING 2 scrolls labelled FIXZET GUFIJ.
   674 | D:1      | 674 ||| READING scroll labelled UPHYIC ANONG.
   675 | D:1      | 675 ||| READING scroll labelled QIOPEO XUSAOZE.
   675 | D:1      | 675 ||| IDENTIFYING metallic cyan potion
   676 | D:1      | 676 ||| DRINKING 2 metallic blue potions.
   699 | D:1      | 699 ||| DROPPING scroll of butterflies.
   700 | D:1      | 700 ||| DROPPING potion of brilliance.
   701 | D:1      | 701 ||| DROPPING scroll of noise.
   702 | D:1      | 702 ||| DROPPING potion of lignification.
   883 | D:2      | You fall into a shaft and drop 1 floor!
   885 | D:3      | 885 ||| READING scroll labelled HATHRA DIWEQYRIENA.
   886 | D:3      | 886 ||| DRINKING 3 orange potions.
   893 | D:3      | 893 ||| STAIRDANCE
  1023 | D:2      | Reached XP level 3. HP: 14/18 MP: 4/4
  1500 | D:2      | 1500 ||| READING scroll of identify.
  1500 | D:2      | 1500 ||| IDENTIFYING white potion
  1501 | D:2      | 1501 ||| DROPPING potion of invisibility.
  1582 | D:3      | HP: 4/18 [poisoned by an adder]
  1582 | D:3      | HP: 1/18 [adder (2)]
  1720 | D:3      | Reached skill level 5 in Ranged Weapons
  1772 | D:3      | Noticed Grinder
  1775 | D:3      | Paralysed by Grinder for 5 turns
  1783 | D:3      | HP: 1/18 [Grinder (8)]
  1783 | D:3      | Slain by Grinder

Levels and vault maps discovered:
D:1:      orjb1_clovarrival, layout_basic
D:2:      layout_basic
D:3:      layout_loops_ring, shapermc_ecumenical_altar_gd, serial_bayou_ford_a,
          uniq_grinder, uniq_pargi

Skill      XL: |  1  2  3 |
---------------+----------+-----
Dodging        | 3 4 |  4.0
Ranged Weapons | 5 |  5.0
Fighting       | |  1.5
Stealth        | |  1.5

Action                     || total
---------------------------++-------
   Fire: Shortbow          ||    94
    Use: Scroll            ||     5
         Potion            ||     2
 Armour: Robe              ||    11
  Dodge: Dodged            ||    20

Table legend:
 A = Non-vault XP
 B = Vault XP
 C = Vault XP percentage of total XP
 D = Non-vault monster count
 E = Vault monster count
 F = Vault count percentage of total count
                 A         B        C        D         E       F
            +---------+---------+-------+---------+---------+-------
      Total |      87 |       0 |   0.0 |      36 |       0 |   0.0
            +---------+---------+-------+---------+---------+-------
        D:1 |      35 |       0 |   0.0 |      20 |       0 |   0.0
        D:2 |      28 |       0 |   0.0 |      10 |       0 |   0.0
        D:3 |      24 |       0 |   0.0 |       6 |       0 |   0.0
            +---------+---------+-------+---------+---------+-------
